 Dungeon Crawl Stone Soup version 0.28-a0-794-gafe8c5f9e9 (webtiles) character file.

Game seed: 16174017595761838717

16 kae the Caller (level 2, -9/13 HPs)
             Began as a Vine Stalker Summoner on Nov 5, 2021.
             Killed by nerve-wracking pain
             ... invoked by Jessica
              (14 damage)
             ... on level 2 of the Dungeon.
             The game lasted 00:01:30 (1431 turns).

kae the Caller (Vine Stalker Summoner)              Turns: 1431, Time: 00:01:31

Health: -9/13      AC:  2    Str: 10    XL:     2   Next: 54%
Magic:  0/6        EV: 12    Int: 15    God:
Gold:   23         SH:  0    Dex: 14    Spells: 2/5 levels left

rFire   . . .      SeeInvis .   (no weapon)
rCold   . . .      Faith    .   (no shield)
rNeg    . . .      Spirit   +   a - +0 robe
rPois   .          Reflect  .   (no helmet)
rElec   .          Harm     .   (no cloak)
rCorr   .          Rampage  .   (no gloves)
Will    .....                   (no boots)
Stlth   ++........              (no amulet)
HPRegen 0.04/turn               (no ring)
MPRegen 0.10/turn               (no ring)

@: no status effects
A: fangs 2, magic shield, antimagic bite, no potion heal 2
a: no special abilities


You were on level 2 of the Dungeon.
You visited 1 branch of the dungeon, and saw 2 of its levels.

You collected 23 gold pieces.

Inventory:

Armour
 a - a +0 robe (worn)
Scrolls
 e - a scroll of teleportation
Potions
 d - a potion of attraction
 g - a potion of degeneration {unknown}


   Skills:
 + Level 1.8 Dodging
 + Level 2.9 Stealth
 + Level 2.4 Spellcasting
 + Level 4.1 Summonings


You had 2 spell levels left.
You knew the following spells:

 Your Spells              Type           Power      Damage    Failure   Level
a - Summon Small Mammal   Summ           56%        N/A       3%          1
b - Call Imp              Summ           14%        N/A       6%          2

Your spell library contained the following spells:

 Spells                   Type           Power      Damage    Failure   Level
 Call Canine Familiar     Summ           14%        N/A       12%         3
 Summon Guardian Golem    Hex/Summ       8%         N/A       26%         3
 Summon Lightning Spire   Summ/Air       8%         N/A       65%         4


Dungeon Overview and Level Annotations

Branches:
Dungeon (2/15)

Altars:

Annotations:
D:2 Jessica


Innate Abilities, Weirdness & Mutations

You have extremely sharp teeth.
When hurt, damage is shared between your health and your magic reserves.
Your bite disrupts and absorbs the magic of your enemies.
Potions cannot restore your health.


Message History

Jessica seems to speed up.
The hobgoblin barely misses your quokka.
You hit the kobold. Your bite misses the kobold.
The kobold is moderately wounded.
Your quokka misses the hobgoblin. The hobgoblin hits your quokka.
Your iron imp hits the hobgoblin.
The kobold completely misses you.
Your quokka barely misses the hobgoblin.
You barely miss the kobold.
The kobold is moderately wounded.
The hobgoblin barely misses your quokka.
The kobold hits you but does no damage.
Jessica mumbles some strange words.
Jessica blinks!
Your quokka bites the hobgoblin but does no damage.
Your iron imp hits the hobgoblin.
You hit the kobold but do no damage. You bite the kobold.
You kill the kobold!
The hobgoblin barely misses your quokka.
Your quokka bites the hobgoblin but does no damage.
Your iron imp hits the hobgoblin but does no damage.
Your quokka bites the hobgoblin but does no damage.
The hobgoblin closely misses your quokka.
Jessica casts a spell at you.
You barely resist. You closely miss Jessica. Your bite misses Jessica.
Jessica is moderately wounded.
Jessica hits you with a +0 club.
Your quokka bites the hobgoblin but does no damage.
Your iron imp completely misses the hobgoblin.
The hobgoblin barely misses your quokka.
You barely miss Jessica.
Jessica is moderately wounded.
Jessica hits you with a +0 club.
Your quokka bites the hobgoblin but does no damage.
The hobgoblin hits your quokka but does no damage.
Your iron imp hits the hobgoblin.
Jessica gestures at you while chanting. Pain shoots through your body!
Ouch! That really hurt!
You die...

**,*,,,,**,,,,,,,,,,,*,
#..,,,***#.#**,,,,,,,,,
*****##..,,>*##..#**,,,,<,,**
*,,,,.....,,,....,,,,,,,,,,,*
*,,,,.....,,,...##*,,,,,,*,,,
*,,,,.(....,,....##.,,,,,*,,,
*,,,,......##.......,,,,,*,*,
*,,,,......@......#*,,,,,,,,,
*,,,,.......@rg.#,**,,,,,*,**
*****###.##.)5..#,******,***,
*,*#..(..#,,****,,* *,
*,*#.....#,,,,,,,,* *,
**,*........,,*,,,,* *,
*,,..........,**,,,* **
*,,##.....#...,,,,,* *,
*,,*...^..##..**,,,* **
**,,*,********,**,,,* *


You could see Jessica (fast), a hobgoblin (ally target), a friendly iron imp
(summoned) and a friendly quokka (summoned).

Vanquished Creatures
  A dart slug (D:1)
  A frilled lizard (D:1)
  2 kobolds
4 creatures vanquished.

Vanquished Creatures (collateral kills)
  2 ball pythons (D:1)
  3 endoplasms (D:1)
  A giant cockroach (D:2)
  A quokka (D:1)
  2 goblins (D:1)
9 creatures vanquished.

Grand Total: 13 creatures vanquished

Notes
Turn   | Place    | Note
-------+----------+-------------------------------------------
     0 | D:1      | kae the Vine Stalker Summoner began the quest for the Orb.
     0 | D:1      | Reached XP level 1. HP: 9/9 MP: 4/4
   344 | D:1      | Reached XP level 2. HP: 7/13 MP: 3/6
   510 | D:1      | Learned a level 2 spell: Call Imp
   699 | D:1      | Found a faded altar of an unknown god.
  1418 | D:2      | Noticed Jessica
  1431 | D:2      | Killed from afar by Jessica

Illustrated notes

Levels and vault maps discovered:
D:1:      elethiomel_arrival_infinity_welcomes_careful_drivers,
          layout_loops_ring, ebering_ecumenical_altar_hall
D:2:      layout_rooms, basic_altar, uniq_crazy_yiuf_cottage, uniq_terence,
          uniq_jessica

Action                   || total
-------------------------++-------
Melee: Unarmed           ||    28
       Bite              ||     4
 Cast: Summon Small Mamm ||    24
       Call Imp          ||     4
  Use: Scroll            ||     4
 Stab: Sleeping          ||     1
Armor: Robe              ||     6
Dodge: Dodged            ||    21

Table legend: (Time is in decaauts)
 A = Elapsed time spent in this place.
 B = Non-inter-level travel time spent in this place.
 C = Inter-level travel time spent in this place.
 D = Time resting spent in this place.
 E = Time spent auto-exploring this place.
 F = Levels seen in this place.
 G = Mean time per level.
                   A        B        C        D        E       F      G
               +--------+--------+--------+--------+--------+-----+--------+
         Total |   1431 |   1414 |     17 |     58 |   1190 |   2 |  715.5 |
       Dungeon |   1431 |   1414 |     17 |     58 |   1190 |   2 |  715.5 |
               +--------+--------+--------+--------+--------+-----+--------+

Top non-repeatable levels by time:
     D:1: 1409 daAuts
     D:2: 22 daAuts
